 Dungeon Crawl Stone Soup version 0.30.0-29-ga12c61a403 (webtiles) character file.

Game seed: 1841314941739066606

2970 Nicoed the Severer (level 9, 0/71 HPs)
             Began as a Hill Orc Fighter on June 23, 2023.
             Slain by a red ugly thing (12 damage)
             ... on level 7 of the Dungeon.
             The game lasted 00:07:40 (4811 turns).

Nicoed the Severer (Hill Orc Fighter)               Turns: 4811, Time: 00:07:40

Health: 0/71       AC: 10    Str: 21    XL:     9   Next: 82%
Magic:  9/9        EV:  9    Int:  8    God:
Gold:   376        SH:  9    Dex: 10    Spells: 8/8 levels left

rFire   . . .        a - +0 war axe
rCold   . . .        c - +0 buckler
rNeg    . . .        b - +0 scale mail
rPois   .            m - +0 helmet
rElec   +            F - +0 cloak
rCorr   .            x - +0 pair of gloves
SInv    .            (no boots)
Will    .....        D - amulet of reflection Stlth
                     (no ring)
HPRegen 1.11/turn    (no ring)
MPRegen 0.11/turn

%: reflection
@: attractive
A: talons 1, regeneration 1, electricity resistance, weak 1
a: no special abilities


You were on level 7 of the Dungeon.
You visited 1 branch of the dungeon, and saw 7 of its levels.

You collected 376 gold pieces.

Inventory:

Hand Weapons
 a - a +0 war axe (weapon)
 y - a +6 glaive
Armour
 b - a +0 scale mail (worn)
 c - a +0 buckler (worn)
 m - a +0 helmet (worn)
 x - a +0 pair of gloves (worn)
 F - a +0 cloak (worn)
Jewellery
 D - an amulet of reflection (around neck)
 G - a ring of fire
 I - an amulet of the acrobat
Wands
 s - a wand of iceblast (8)
 t - a wand of flame (2)
 v - a wand of paralysis (10)
 A - a wand of polymorph (9)
Scrolls
 e - 4 scrolls of torment {unknown}
 i - 3 scrolls of magic mapping {unknown}
 j - a scroll of teleportation {unknown}
 l - 9 scrolls of identify {unknown}
 n - a scroll of blinking {unknown}
 o - 2 scrolls of enchant armour {unknown}
 p - a scroll of butterflies {unknown}
 z - a scroll of fog {unknown}
 B - a scroll of immolation {unknown}
 C - a scroll of acquirement {unknown}
 H - a scroll of noise {unknown}
 K - a scroll of poison {unknown}
Potions
 d - 4 potions of might
 f - 2 potions of brilliance
 h - 3 potions of degeneration
 k - 3 potions of curing
 r - a potion of mutation
 u - a potion of attraction
 w - a potion of ambrosia {unknown}
 E - a potion of flight
 J - a potion of resistance {unknown}


   Skills:
 - Level 4.0 Fighting
 * Level 16.5 Axes
 - Level 4.0 Armour
 - Level 4.0 Shields


You had 8 spell levels left.
You didn't know any spells.
Your spell library contained the following spells:

 Spells                   Type           Power      Damage    Failure   Level
 Sandblast                Erth           0%         2d4       80%         1
 Passwall                 Tmut/Erth      0%         N/A       91%         2
 Stone Arrow              Conj/Erth      0%         3d7       99%         3


Dungeon Overview and Level Annotations

Branches:
Dungeon (7/15)             Temple (0/1) D:5

Altars:
Fedhas
Makhleb
Xom
Yredelemnul


Innate Abilities, Weirdness & Mutations

You have sharp toenails.
Your natural rate of healing is unusually fast.
You are resistant to electric shocks. (rElec)
You are weak. (Str -2)


Message History

The throwing net barely misses the shadow imp.
You block the red ugly thing's attack.
Unknown command.
You slash the red ugly thing!
The red ugly thing is moderately wounded.
The red ugly thing engulfs you!
You are engulfed in flames!!
You barely miss the red ugly thing. Your kick misses the red ugly thing.
The red ugly thing is moderately wounded.
Unknown command.
You closely miss the red ugly thing.
The red ugly thing is moderately wounded.
The red ugly thing engulfs you.
You are engulfed in flames!
Unknown command.
It was a potion of flight.
You feel very buoyant.
You fly up into the air.
The red ugly thing engulfs you.
* * * LOW HITPOINT WARNING * * *
You are engulfed in flames!
* * * LOW HITPOINT WARNING * * *
Unknown command.
It was a potion of attraction.
You feel attractive to monsters. The red ugly thing barely misses you.
Unknown command.
It was a potion of lignification.
You turn into a tree.
Your +0 cloak melds into your body.
Your +0 helmet melds into your body.
Your +0 pair of gloves melds into your body.
Your +0 scale mail melds into your body.
Your roots penetrate the ground.
The shadow imp puffs mist at you.
The red ugly thing engulfs you but does no damage.
It was a potion of cancellation.
Your magical effects are unravelling.
You feel magically purged.
You feel less wooden.
Your +0 cloak unmelds from your body.
Your +0 helmet unmelds from your body.
Your +0 pair of gloves unmelds from your body.
Your +0 scale mail unmelds from your body.
The red ugly thing engulfs you!
You die...

#......... ###.
#..##........ ###...
#...#.......## ......
...##...5...# ##...
#...#.......###.####.
#....#.OS..........#.
#.#........# ......
##.####5....###.##.##
#...@u5O...(....##...
#.#####...##.##.#####
#.# #.###......# #
#.# #.###..... #.#
#.#.†.#.# #.#
##......# #.#
#.......# #.#
#...[...# #.#
#...).#.#


You could see a red ugly thing, an ogre, a white imp and a shadow imp.

Vanquished Creatures
  An unseen horror (D:7)
  Eustachio (D:5)
  A steam dragon (D:7)
  4 water moccasins
  Duvessa (D:5)
  2 ice beasts
  2 sky beasts
  2 ogres
  A centaur (D:7)
  A phantom (D:6)
  Blork the orc (D:4)
  A bullfrog (D:6)
  A gnoll sergeant (D:6)
  2 scorpions
  Dowan (D:5)
  A howler monkey (D:5)
  A crimson imp (D:5)
  Crazy Yiuf (D:5)
  3 hounds
  3 sleepcaps
  Ijyb (D:3)
  4 iguanas
  8 orc wizards
  7 gnolls
  6 adders
  3 worms
  3 dart slugs
  26 orcs
  6 endoplasms
  3 giant cockroaches
  6 goblins
  6 hobgoblins
  6 jackals
  7 kobolds
  8 quokkas
  7 ball pythons
  7 bats
  2 frilled lizards (D:2)
  4 rats
151 creatures vanquished.

Notes
Turn   | Place    | Note
-------+----------+-------------------------------------------
     0 | D:1      | Nicoed the Hill Orc Fighter began the quest for the Orb.
     0 | D:1      | Reached XP level 1. HP: 19/19 MP: 1/1
    84 | D:1      | Reached skill level 3 in Axes
    90 | D:1      | Reached XP level 2. HP: 17/27 MP: 2/2
   304 | D:1      | Found a faded altar of an unknown god.
   589 | D:2      | Reached XP level 3. HP: 30/33 MP: 3/3
   862 | D:2      | Reached skill level 4 in Axes
  1014 | D:2      | Reached XP level 4. HP: 40/40 MP: 4/4
  1553 | D:3      | Noticed Ijyb
  1722 | D:3      | Gained mutation: Your natural rate of healing is unusually
                  | fast. [potion of mutation]
  1722 | D:3      | Gained mutation: You have sharp toenails. [potion of
                  | mutation]
  1722 | D:3      | Gained mutation: You are weak. (Str -2) [potion of
                  | mutation]
  1722 | D:3      | Gained mutation: You are resistant to electric shocks.
                  | (rElec) [potion of mutation]
  1731 | D:3      | Reached skill level 5 in Axes
  1731 | D:3      | Reached XP level 5. HP: 33/46 MP: 5/5
  1780 | D:3      | Killed Ijyb
  1800 | D:3      | Reached skill level 6 in Axes
  2246 | D:3      | Reached XP level 6. HP: 52/52 MP: 6/6
  2312 | D:3      | Reached skill level 7 in Axes
  2508 | D:4      | Reached skill level 8 in Axes
  2525 | D:4      | Reached XP level 7. HP: 59/59 MP: 7/7
  2541 | D:4      | Noticed Blork the orc
  2563 | D:4      | Reached skill level 9 in Axes
  2568 | D:4      | Killed Blork the orc
  2633 | D:4      | Found a blossoming altar of Fedhas.
  3010 | D:5      | Entered Level 5 of the Dungeon
  3024 | D:5      | Reached skill level 10 in Axes
  3064 | D:5      | Noticed Eustachio
  3072 | D:5      | Reached skill level 11 in Axes
  3072 | D:5      | Reached XP level 8. HP: 64/66 MP: 8/8
  3098 | D:5      | Killed Eustachio
  3146 | D:5      | Noticed Duvessa
  3146 | D:5      | Noticed Dowan
  3169 | D:5      | Killed Duvessa
  3170 | D:5      | Reached skill level 12 in Axes
  3176 | D:5      | Killed Dowan
  3277 | D:5      | Found a runed translucent door.
  3278 | D:5      | Noticed Crazy Yiuf
  3299 | D:5      | Found a burning altar of Makhleb.
  3299 | D:5      | Found a shimmering altar of Xom.
  3345 | D:5      | Found a staircase to the Ecumenical Temple.
  3689 | D:5      | Killed Crazy Yiuf
  3766 | D:6      | Reached skill level 13 in Axes
  3885 | D:6      | Reached skill level 14 in Axes
  3885 | D:6      | Reached XP level 9. HP: 50/71 MP: 9/9
  4115 | D:6      | Found a basalt altar of Yredelemnul.
  4395 | D:7      | Reached skill level 15 in Axes
  4640 | D:7      | Killed an unseen horror
  4694 | D:7      | Reached skill level 16 in Axes
  4794 | D:7      | Noticed a red ugly thing
  4811 | D:7      | Slain by a red ugly thing

Illustrated notes

Levels and vault maps discovered:
D:1:      dpeg_arrival_refuge, layout_rooms,
          hellmonk_ecumenical_altar_dog_temple
D:2:      layout_loops_corners
D:3:      layout_basic, uniq_ijyb
D:4:      layout_basic, lemuel_round_altar, nrook_mini_vaults,
          uniq_blork_the_orc
D:5:      minmay_inner_zag, layout_cave_pools,
          grunt_temple_overflow_champion_of_chaos, minmay_temple_entry_wispy,
          dk_noncrumbling_3, uniq_duvessa, uniq_crazy_yiuf_cottage,
          uniq_eustachio
D:6:      layout_rooms, mainiacjoe_overflow_24_doors
D:7:      layout_loops_ring, minmay_manual_moon

Skill      XL: |  1  2  3  4  5  6  7  8  9 |
---------------+----------------------------+-----
Axes           | 3 4 5 6 8 11 14 16 | 16.5
Fighting       | 4 |  4.0
Armour         | 4 |  4.0
Shields        | 4 |  4.0

Action                     |  1- 3 |  4- 6 |  7- 9 || total
---------------------------+-------+-------+-------++-------
  Melee: War axe           |   108 |   189 |   282 ||   579
         Kick              |       |    25 |    72 ||    97
  Throw: Throwing net      |       |       |     1 ||     1
  Evoke: Wand              |       |       |     2 ||     2
    Use: Potion            |       |     5 |     4 ||     9
   Stab: Paralysed         |       |       |     2 ||     2
 Armour: Scale mail        |    62 |   128 |   131 ||   321
         Skin              |       |       |     1 ||     1
  Dodge: Dodged            |    64 |    89 |    88 ||   241
  Block: Buckler           |    30 |    33 |    66 ||   129
         Reflection        |       |       |     2 ||     2
